 Dungeon Crawl Stone Soup version 0.26.1-11-gd32895ea62 (webtiles) character file.

Game seed: 14552410945950646967

2678 jlumianski the Summoner (level 9, -1/31 (34) HPs)
             Began as a Felid Summoner on May 25, 2021.
             Was a Believer of Makhleb.
             Slain by a gargoyle
             ... wielding a +0 morningstar
              (25 damage)
             ... on level 9 of the Dungeon.
             The game lasted 01:16:04 (14638 turns).

jlumianski the Summoner (Felid Summoner)           Turns: 14638, Time: 01:16:05

HP:   -1/31 (34)    AC:  2    Str:  2    XL:     9   Next: 37%
MP:   20/20         EV: 22    Int: 25    God:    Makhleb [**....]
Gold: 738           SH:  0    Dex: 17    Spells: 10/24 levels left
                                        Lives: 0   Deaths: 2

rFire    . . .     SeeInvis +     - Unarmed
rCold    . . .     Faith    .   (shield unavailable)
rNeg     . . .     Spirit   .   (armour unavailable)
rPois    .         Reflect  .   (helmet unavailable)
rElec    .         Harm     .   (cloak unavailable)
rCorr    .         Rampage  .   (gloves unavailable)
Will     +....                  (boots unavailable)
Stlth    +++.......             (no amulet)
HPRegen  0.10/turn              e - ring of flight
MPRegen  0.17/turn              j - +6 ring of intelligence

@: drained, quick
A: very small, no armour, no weapons or thrown items, stealth, claws 1, fangs 3,
see invisible, blink, speed 1, low mp 1, screaming 1, shaggy fur 2, weak 1,
sharp paws
a: Blink, Renounce Religion, Evoke Flight, Minor Destruction


You were on level 9 of the Dungeon.
You worshipped Makhleb.
Makhleb was pleased with you.
You visited 2 branches of the dungeon, and saw 11 of its levels.

You collected 738 gold pieces.

Inventory:

Jewellery
 e - a ring of flight (left paw)
 j - a +6 ring of intelligence (right paw)
 o - an uncursed ring of willpower {unknown}
Wands
 k - a wand of polymorph (27)
 t - a wand of paralysis (9)
 y - a wand of random effects (13)
 A - a wand of digging (3)
 B - a wand of flame (17)
Scrolls
 a - 4 scrolls of random uselessness
 b - 3 scrolls of amnesia
 d - 7 scrolls of remove curse
 h - 5 scrolls of teleportation
 l - 6 scrolls of identify
 m - a scroll of fog
 r - a scroll of fear
 v - a scroll of immolation
 w - 2 scrolls of magic mapping
Potions
 c - a potion of brilliance {unknown}
 f - a potion of degeneration {unknown}
 g - a potion of might {unknown}
 i - 3 potions of curing
 n - a potion of invisibility {unknown}
 p - a potion of resistance {unknown}
 q - a potion of flight {unknown}
 s - a potion of magic
 u - a potion of haste {unknown}
 x - a potion of ambrosia {unknown}
 z - a potion of lignification {unknown}
Miscellaneous
 C - a phial of floods


   Skills:
 + Level 0.4 Fighting
 * Level 6.5 Dodging
 + Level 5.2 Stealth
 + Level 1.0 Unarmed Combat
 + Level 8.2 Spellcasting
 + Level 3.9 Hexes
 + Level 10.5 Summonings
 + Level 0.1 Air Magic
 * Level 4.6 Invocations


You had 10 spell levels left.
You knew the following spells:

 Your Spells              Type           Power        Failure   Level
a - Summon Small Mammal   Summ           100%         1%          1
b - Call Imp              Summ           58%          1%          2
c - Call Canine Familiar  Summ           58%          1%          3
d - Summon Guardian Gole  Hex/Summ       46%          1%          3
e - Freeze                Ice            40%          6%          1
f - Summon Lightning Spi  Summ/Air       37%          7%          4

Your spell library contained the following spells:

 Spells                   Type           Power        Failure   Level
 Summon Ice Beast         Ice/Summ       36%          7%          4
 Frozen Ramparts          Ice            20%          19%         3
 Ozocubu's Armour         Ice            10%          19%         3
 Hailstorm                Conj/Ice       10%          52%         4


Dungeon Overview and Level Annotations

Branches:
Dungeon (10/15)            Temple (1/1) D:7
   Lair: D:8-11         Orc: D:9-12

Altars:
Ashenzari
Fedhas
Kikubaaqudgha
Makhleb
Okawaru
Qazlal
Uskayaw
Vehumet
Wu Jian
Yredelemnul
The Shining One

Annotations:
D:8 exclusion: ice statue
D:9 4 runed translucent doors
D:10 Nergalle


Innate Abilities, Weirdness & Mutations

You cannot wear armour.
You are incapable of wielding weapons or throwing items.
Your paws allow you to move quietly. (Stealth)
You have sharp claws.
You have razor-sharp teeth.
You have supernaturally acute eyesight. (SInv)
You cover ground quickly.
You are covered in thick fur. (AC +2)
Your sharp claws are effective at attacking unaware monsters.
You can translocate small distances at will.
Your magical capacity is low. (-10% MP)
You occasionally shout uncontrollably at your foes.
You are weak. (Str -2)


Message History

You climb downwards.
Level annotation: Nergalle The unseen horror hits you.
The centaur shoots an arrow.
The arrow closely misses you. The orc misses you.
The black bear barely misses you.
The black bear claws you but does no damage. x2
The orc closely misses you.
There is a stone staircase leading up here.
You see here an arrow.
The unseen horror hits you. The unseen horror closely misses you.
The black bear misses you. The black bear closely misses you.
The black bear misses you.
The gargoyle hurls a stone arrow at you.
The stone arrow misses you. The orc misses you.
You climb upwards.
Level annotation: 4 runed translucent doors
There is a stone staircase leading down here.
The gargoyle hits you with a +0 morningstar!!
Ouch! That really hurt!
You die...

###### .....#
.....##### #######
.....555.####.....#
...5.###.5........#
.....# ######.....#
.....# #.....#
.....# #..oh.#
###### #..9@.# ##
####.## .### ###.#
.h.# ###5..# ##5###
#.5.### ..5..# #.###
.5...# ##'#######
.....# #........#
.....######.5......#


You could see a black bear, a gargoyle and an orc.

Vanquished Creatures
  Grinder (D:3)
  A phantom (D:5)
  A leopard gecko (D:6)
  3 bats
  A hobgoblin (D:2)
  A jackal (D:1)
  A kobold (D:1)
  A quokka (D:3)
  A ball python (D:6)
  A goblin (D:2)
  2 rats (D:1)
  A bush (D:6)
15 creatures vanquished.

Vanquished Creatures (collateral kills)
  3 two-headed ogres
  Erica (D:8)
  An ugly thing (D:9)
  A cyclops (D:8)
  Maurice (D:8)
  Prince Ribbit (D:8)
  A wyvern (D:9)
  A vampire mosquito (D:9)
  Menkaure (D:7)
  A water moccasin (D:5)
  An orc warrior (D:10)
  2 phantoms
  3 ice beasts
  2 black bears
  4 necrophages
  4 centaurs
  4 ogres
  2 big kobolds
  8 bullfrogs
  A wyvern skeleton (D:6)
  A water moccasin zombie (D:6)
  3 scorpions
  5 killer bees
  10 wights
  3 howler monkeys
  A bullfrog zombie (D:6)
  2 quasits
  2 centaur zombies
  4 jellies
  6 hounds
  An orc priest (D:8)
  5 iguanas
  Natasha (D:3)
  6 orc wizards
  6 worker ants
  3 killer bee zombies
  2 hound skeletons
  A worker ant zombie (D:6)
  Robin (D:3)
  3 gnolls (D:7)
  10 adders
  2 shadow imps
  A white imp (D:6)
  An ooze (D:4)
  An ufetubus (D:5)
  2 adder zombies
  5 adder skeletons
  A worm (D:4)
  2 dart slugs (D:1)
  5 leopard geckos
  16 orcs
  3 giant cockroaches
  7 hobgoblins
  8 jackals
  2 quokkas (D:3)
  A ball python (D:2)
  4 bats
  2 frilled lizards
  14 goblins
  A jackal skeleton (D:2)
  5 kobolds
  2 leopard gecko skeletons (D:4)
  A quokka skeleton (D:6)
  A quokka zombie (D:8)
  6 rats
212 creatures vanquished.

Vanquished Creatures (others)
  Harold (D:8)
  An orc warrior (D:9)
  A centaur (D:8)
  A water moccasin zombie (D:8)
  A worker ant (D:9)
  A hound skeleton (D:10)
  An adder zombie (D:8)
  13 plants (D:6)
20 creatures vanquished.

Grand Total: 247 creatures vanquished

Notes
Turn   | Place    | Note
-------+----------+-------------------------------------------
     0 | D:1      | jlumianski the Felid Summoner began the quest for the Orb.
     0 | D:1      | Reached XP level 1. HP: 7/7 MP: 4/4
   542 | D:1      | Reached XP level 2. HP: 8/11 MP: 1/6
   632 | D:1      | Learned a level 2 spell: Call Imp
  1884 | D:2      | Reached XP level 3. HP: 11/14 MP: 2/7
  2878 | D:3      | Reached skill level 5 in Summonings
  2891 | D:3      | Reached XP level 4. HP: 13/18 MP: 3/9
  2986 | D:3      | Found a faded altar of an unknown god.
  3110 | D:3      | Noticed Grinder
  3111 | D:3      | Paralysed by Grinder for 4 turns
  3164 | D:3      | Paralysed by Grinder for 3 turns
  3198 | D:2      | Learned a level 3 spell: Call Canine Familiar
  3283 | D:3      | Killed Grinder
  3284 | D:3      | Reached XP level 5. HP: 21/21 MP: 2/11
  3461 | D:3      | Noticed Natasha
  3470 | D:3      | Killed Natasha
  3737 | D:3      | Noticed Robin
  3740 | D:3      | Killed Robin
  4763 | D:4      | Reached skill level 6 in Summonings
  4763 | D:4      | Gained mutation: You are covered in thick fur. (AC +2)
                  | [Felid growth]
  4763 | D:4      | Reached XP level 6. HP: 24/24 MP: 5/13
  5031 | D:5      | Entered Level 5 of the Dungeon
  5450 | D:5      | Found a radiant altar of Vehumet.
  5451 | D:5      | Found a glowing golden altar of the Shining One.
  5572 | D:5      | Noticed a water moccasin
  5593 | D:5      | Killed a water moccasin
  5706 | D:5      | Gained mutation: You possess an exceptional clarity of
                  | mind. [potion of mutation]
  5706 | D:5      | Gained mutation: You occasionally shout uncontrollably at
                  | your foes. [potion of mutation]
  5706 | D:5      | Gained mutation: Your spells are a little harder to cast,
                  | but a little more powerful. [potion of mutation]
  5707 | D:5      | Lost mutation: Your spells are a little harder to cast, but
                  | a little more powerful. [potion of mutation]
  5707 | D:5      | Lost mutation: You possess an exceptional clarity of mind.
                  | [potion of mutation]
  5707 | D:5      | Gained mutation: You are weak. (Str -2) [potion of
                  | mutation]
  5707 | D:5      | Gained mutation: Your magical capacity is low. (-10% MP)
                  | [potion of mutation]
  5707 | D:5      | Gained mutation: You can translocate small distances at
                  | will. [potion of mutation]
  6032 | D:5      | Reached XP level 7. HP: 16/27 MP: 7/13
  6601 | D:5      | Reached skill level 5 in Spellcasting
  6687 | D:5      | Learned a level 3 spell: Summon Guardian Golem
  7073 | D:6      | Found an ancient bone altar of Kikubaaqudgha.
  7088 | D:6      | Reached skill level 7 in Summonings
  7269 | D:6      | Learned a level 1 spell: Freeze
  7684 | D:6      | Found a blossoming altar of Fedhas.
  8198 | D:6      | Reached XP level 8. HP: 31/31 MP: 8/15
  8224 | D:6      | Reached skill level 8 in Summonings
  9006 | D:7      | Found a staircase to the Ecumenical Temple.
  9018 | Temple   | Entered the Ecumenical Temple
  9024 | Temple   | Became a worshipper of Makhleb the Destroyer
  9147 | D:7      | Reached skill level 5 in Stealth
  9222 | D:7      | Noticed Menkaure
  9229 | D:7      | Killed Menkaure
  9371 | D:7      | Found a stormy altar of Qazlal.
  9746 | D:8      | Noticed Harold
 10204 | D:8      | Reached skill level 1 in Invocations
 10293 | D:8      | Noticed Prince Ribbit
 10313 | D:8      | Killed Prince Ribbit
 10314 | D:8      | Reached skill level 9 in Summonings
 10408 | D:8      | Noticed a two-headed ogre
 10507 | D:8      | Killed a two-headed ogre
 10508 | D:8      | Reached skill level 1 in Hexes
 10697 | D:8      | Found an iron altar of Okawaru.
 10698 | D:8      | Found a hide-covered altar of Uskayaw.
 10702 | D:8      | Noticed Maurice
 10710 | D:8      | Reached XP level 9. HP: 34/34 MP: 7/17
 10785 | D:8      | Killed Harold
 10797 | D:8      | Reached * piety under Makhleb
 10800 | D:8      | Noticed Erica
 10835 | D:8      | Killed Erica
 10838 | D:8      | Killed Maurice
 10839 | D:8      | Reached skill level 5 in Dodging
 11041 | D:8      | Killed by an exploding a guardian golem... exploding inner
                  | flame
 11042 | D:8      | Reached XP level 8. HP: -12/31 MP: 15/17
 11482 | D:8      | Learned a level 4 spell: Summon Lightning Spire
 11562 | D:8      | Noticed a cyclops
 11590 | D:8      | Killed a cyclops
 11591 | D:8      | Reached skill level 1 in Unarmed Combat
 11946 | D:8      | Noticed a two-headed ogre
 11992 | D:8      | Killed a two-headed ogre
 11993 | D:8      | Reached skill level 10 in Summonings
 11993 | D:8      | Reached XP level 9. HP: 34/34 MP: 2/19
 12134 | D:8      | Noticed an ice statue
 12405 | D:8      | Engulfed by an ice statue's freezing vapour
 12406 | D:8      | Reached XP level 8. HP: -1/31 MP: 11/18
 13269 | D:9      | Found a large runed translucent door.
 13338 | D:9      | Found a large runed translucent door.
 13344 | D:9      | Noticed a fire dragon
 13344 | D:9      | Noticed an unseen horror
 13490 | D:9      | Reached ** piety under Makhleb
 13672 | D:9      | Found a large runed translucent door.
 13672 | D:9      | Found a large runed translucent door.
 13932 | D:9      | Noticed a two-headed ogre
 13984 | D:9      | Killed a two-headed ogre
 13985 | D:9      | Reached XP level 9. HP: 33/34 MP: 1/19
 14223 | D:9      | Noticed a purple ugly thing
 14267 | D:9      | Killed a purple ugly thing
 14380 | D:9      | Found the +8 demon blade "Leech" {vamp, *Rage +Rage rN+}
 14446 | D:10     | Entered Level 10 of the Dungeon
 14452 | D:10     | Noticed a gargoyle
 14458 | D:10     | Noticed Nergalle
 14478 | D:10     | Noticed an unseen horror
 14638 | D:9      | Slain by a gargoyle

Illustrated notes

Levels and vault maps discovered:
D:1:      roderic_dead_forest, layout_basic, hex_tiny
D:2:      layout_rooms, st_stairs_4, minmay_tiny_reverse_x
D:3:      layout_basic, chequers_ecumenical_altar_simple, uniq_robin,
          uniq_grinder, uniq_natasha
D:4:      layout_rooms, minmay_pentomino_pile
D:5:      wad_river_or_something, layout_basic,
          chequers_temple_overflow_statue_of_worship
D:6:      layout_basic, lemuel_doored_altar, fedhas_altar_decomposition,
          minivault_19
D:7:      layout_rooms, minmay_temple_entry_overgrown, minmay_misc_feat_encased,
          nicolae_qazlal_general_emergency, uniq_menkaure
D:8:      layout_loops_ring, gammafunk_temple_overflow_statue, nzn_random_ring,
          uniq_prince_ribbit1, uniq_erica, uniq_maurice, uniq_harold
D:9:      layout_roguey, minmay_hollow_rounded_squares
D:10:     layout_big_octagon, eino_tiny_chamber, hex_medium, uniq_nergalle
Temple:   eino_temple_rhombus

Skill      XL: |  1  2  3  4  5  6  7  8  9 |
---------------+----------------------------+-----
Summonings     | 5 6 7 10 | 10.5
Stealth        | 3 4 5 |  5.2
Spellcasting   | 3 4 5 8 |  8.2
Dodging        | 3 6 5 |  6.5
Invocations    | 4 3 |  4.6
Hexes          | 3 2 |  3.9
Unarmed Combat | 1 |  1.0
Fighting       | |  0.4
Air Magic      | |  0.1

Action                   |  1- 3 |  4- 6 |  7- 9 || total
-------------------------+-------+-------+-------++-------
Melee: Unarmed           |    31 |    22 |   111 ||   164
       Bite              |     2 |     2 |    12 ||    16
 Cast: Summon Small Mamm |    66 |    38 |    24 ||   128
       Call Imp          |    27 |    43 |    98 ||   168
       Call Canine Famil |       |    27 |    60 ||    87
       Summon Guardian G |       |       |    57 ||    57
       Summon Lightning  |       |       |     6 ||     6
Invok: Minor Destruction |       |       |     3 ||     3
 Abil: Blink             |       |       |     1 ||     1
  Use: Scroll            |     1 |       |    13 ||    14
       Potion            |       |     4 |     2 ||     6
 Stab: Sleeping          |     7 |     5 |     5 ||    17
       Distracted        |     1 |     1 |     1 ||     3
Armor: Skin              |    11 |     2 |     6 ||    19
Dodge: Dodged            |    63 |    30 |   176 ||   269
